 Dungeon Crawl Stone Soup version 0.30-a0-591-g3c58d2bc28 (webtiles) character file.

Game seed: 9077327178223566910

378 Crownlay the Poker (level 6, -6/44 HPs)
             Began as a Gnoll Wanderer on Jan 5, 2023.
             Killed by divine providence
             ... invoked by an orc priest
              (14 damage)
             ... on level 3 of the Dungeon.
             The game lasted 00:04:05 (2720 turns).

Crownlay the Poker (Gnoll Wanderer)                 Turns: 2720, Time: 00:04:05

Health: -6/44      AC:  7    Str:  4 (7)  XL:     6   Next: 74%
Magic:  14/14      EV: 15    Int:  8 (10) God:
Gold:   95         SH:  5    Dex: 16 (19) Spells: 14/15 levels left

rFire   . . .      SeeInvis .    a - +0 trident
rCold   . . .      Faith    .    b - +0 buckler
rNeg    . . .      Spirit   .    w - +0 scale mail
rPois   .          Reflect  .    n - +0 hat
rElec   .          Harm     .    (no cloak)
rCorr   .          Rampage  .    t - +0 pair of gloves
Will    .....                    (no boots)
Stlth   +                        (no amulet)
HPRegen 0.27/turn                h - +5 ring of evasion
MPRegen 0.14/turn                k - +5 ring of evasion

@: no status effects
A: fangs 1, strong nose, distributed training
a: no special abilities


You were on level 3 of the Dungeon.
You visited 1 branch of the dungeon, and saw 3 of its levels.

You collected 95 gold pieces.

Inventory:

Hand Weapons
 a - a +0 trident (weapon)
Armour
 b - a +0 buckler (worn)
 n - a +0 hat (worn)
 t - a +0 pair of gloves (worn)
 w - a +0 scale mail (worn)
Jewellery
 h - a +5 ring of evasion (left hand)
 k - a +5 ring of evasion (right hand)
 s - a ring of ice
Wands
 d - a wand of polymorph (8)
Scrolls
 c - 2 scrolls of vulnerability
 e - 2 scrolls of identify {unknown}
 i - a scroll of silence {unknown}
 j - 2 scrolls of brand weapon {unknown}
 l - a scroll of noise {unknown}
 m - a scroll of amnesia {unknown}
 o - 2 scrolls of teleportation {unknown}
 p - 2 scrolls of enchant weapon {unknown}
 v - a scroll of poison {unknown}
Potions
 q - a potion of ambrosia {unknown}
 r - a potion of degeneration
 u - a potion of curing {unknown}


   Skills:
 + Level 2.1 Fighting
 + Level 2.1 Short Blades
 + Level 2.1 Long Blades
 + Level 2.1 Axes
 + Level 2.1 Maces & Flails
 + Level 6.9 Polearms
 + Level 2.1 Staves
 + Level 2.1 Ranged Weapons
 + Level 2.1 Throwing
 + Level 2.1 Armour
 + Level 3.4 Dodging
 + Level 2.1 Stealth
 + Level 5.1 Shields
 + Level 2.1 Unarmed Combat
 + Level 5.4 Spellcasting
 + Level 1.7 Conjurations
 + Level 1.7 Hexes
 + Level 1.7 Summonings
 + Level 1.7 Necromancy
 + Level 4.2 Translocations
 + Level 1.7 Transmutations
 + Level 1.7 Fire Magic
 + Level 1.7 Ice Magic
 + Level 1.7 Air Magic
 + Level 1.7 Earth Magic
 + Level 1.7 Poison Magic
 + Level 2.4 Invocations
 + Level 2.1 Evocations


You had 14 spell levels left.
You knew the following spells:

 Your Spells              Type           Power      Damage    Failure   Level
a - Apportation           Tloc           16%        N/A       89%         1

Your spell library contained the following spells:

 Spells                   Type           Power      Damage    Failure   Level
 Gell's Gravitas          Tloc           8%         N/A       99%         3


Dungeon Overview and Level Annotations

Branches:
Dungeon (3/15)

Altars:


Innate Abilities, Weirdness & Mutations

You have very sharp teeth.
Your uncanny sense of smell can sniff out nearby items.
Your experience applies equally to all skills.


Message History

You block the orc's attack.
You closely miss the orc. Your bite misses the orc.
The orc is severely wounded.
You hit the orc. Your bite misses the orc.
The orc is almost dead.
The orc barely misses you.
You hit the orc.
You kill the orc!
Reach: a) +0 trident
Press: ? - help, Dir - move target, f - orc priest, p - orc
Aim: an orc priest, wielding a +0 mace and wearing a +0 chain mail (heavily wounded, about 29% to evade your +0 trident)
You closely miss the orc priest.
The orc priest is heavily wounded.
You block the orc priest's attack.
There are monsters nearby!
You hit the orc priest but do no damage.
The orc priest is heavily wounded.
The orc priest hits you with a +0 mace.
* * * LOW HITPOINT WARNING * * *
You barely miss the orc priest. Your bite misses the orc priest.
The orc priest is heavily wounded.
The orc priest completely misses you.
You hit the orc priest.
The orc priest is almost dead.
The orc priest invokes the aid of Beogh against you.
Pain shoots through your body!
* * * LOW HITPOINT WARNING * * *
You hit the orc priest but do no damage.
The orc priest is almost dead.
You block the orc priest's attack.
You hit the orc priest but do no damage.
Your bite misses the orc priest.
The orc priest is almost dead.
The orc priest misses you.
It was a potion of degeneration.
There was something very wrong with that liquid.
You feel weakened.
You feel dopey.
You feel clumsy.
The orc priest invokes the aid of Beogh against you.
Beogh smites you!
You die...

#.......# #
#.#...#.##.#
#.##.......K.
#.##.##K#####
#.......# #######
#...o...# #.....#
####K#### #.....#
#o# #.....# #@#
#...).# #.#
#.....# #)#
#.....# #.#
#.....# #.#
###.####
###.#########....#
#..........#####.#
#.#.#.)###.# #.#
#.#(#..###.# #.#


You could see an orc priest, an orc and a kobold.

Vanquished Creatures
  Sigmund (D:3)
  Jessica (D:3)
  An orc wizard (D:3)
  Robin (D:3)
  4 adders
  3 gnolls (D:2)
  A worm (D:3)
  A dart slug (D:1)
  14 orcs (D:3)
  3 ball pythons
  5 endoplasms
  A giant cockroach (D:1)
  14 goblins
  8 hobgoblins
  3 quokkas
  A bat (D:1)
  2 frilled lizards (D:3)
  5 kobolds
  6 rats
75 creatures vanquished.

Notes
Turn   | Place    | Note
-------+----------+-------------------------------------------
     0 | D:1      | Crownlay the Gnoll Wanderer began the quest for the Orb.
     0 | D:1      | Crownlay set off with the following items: a +0 trident, a
                  | +0 buckler, a scroll of vulnerability, a +0 robe; and the
                  | following spell memorised: Apportation; and the following
                  | spells available to memorise: Gell's Gravitas.
     0 | D:1      | Reached XP level 1. HP: 13/13 MP: 6/6
    92 | D:1      | Reached XP level 2. HP: 19/19 MP: 7/7
   771 | D:2      | Reached skill level 5 in Spellcasting
   771 | D:2      | Reached XP level 3. HP: 18/25 MP: 7/9
   845 | D:2      | Reached skill level 1 in Invocations
  1063 | D:2      | Reached skill level 1 in Fighting
  1063 | D:2      | Reached skill level 1 in Short Blades
  1063 | D:2      | Reached skill level 1 in Long Blades
  1063 | D:2      | Reached skill level 1 in Axes
  1063 | D:2      | Reached skill level 1 in Maces & Flails
  1063 | D:2      | Reached skill level 1 in Staves
  1063 | D:2      | Reached skill level 1 in Ranged Weapons
  1063 | D:2      | Reached skill level 1 in Throwing
  1063 | D:2      | Reached skill level 1 in Armour
  1063 | D:2      | Reached skill level 1 in Stealth
  1063 | D:2      | Reached skill level 1 in Unarmed Combat
  1063 | D:2      | Reached skill level 1 in Evocations
  1082 | D:2      | Reached XP level 4. HP: 16/32 MP: 11/11
  1900 | D:3      | Reached skill level 1 in Conjurations
  1900 | D:3      | Reached skill level 1 in Hexes
  1900 | D:3      | Reached skill level 1 in Summonings
  1900 | D:3      | Reached skill level 1 in Necromancy
  1900 | D:3      | Reached skill level 1 in Transmutations
  1900 | D:3      | Reached skill level 1 in Fire Magic
  1900 | D:3      | Reached skill level 1 in Ice Magic
  1900 | D:3      | Reached skill level 1 in Air Magic
  1900 | D:3      | Reached skill level 1 in Earth Magic
  1900 | D:3      | Reached skill level 1 in Poison Magic
  1969 | D:3      | Noticed Jessica
  1982 | D:3      | Killed Jessica
  1983 | D:3      | Reached XP level 5. HP: 23/37 MP: 12/12
  2081 | D:3      | Noticed Sigmund
  2092 | D:3      | Noticed Robin
  2117 | D:3      | Killed Robin
  2158 | D:3      | Killed Sigmund
  2159 | D:3      | Reached skill level 5 in Shields
  2159 | D:3      | Reached XP level 6. HP: 38/44 MP: 14/14
  2193 | D:3      | Found a faded altar of an unknown god.
  2720 | D:3      | Killed from afar by an orc priest

Illustrated notes

Levels and vault maps discovered:
D:1:      amcnicky_arrival_feature_with_door, layout_basic, item_on_display_a
D:2:      layout_basic, fountainhead
D:3:      layout_loops_cross, basic_ecumenical_altar, uniq_jessica, uniq_robin,
          uniq_sigmund

Skill      XL: |  1  2  3  4  5 |
---------------+----------------+-----
Spellcasting   | 5 |  5.4
Invocations    | 1 2 |  2.4
Fighting       | 1 2 |  2.1
Short Blades   | 1 2 |  2.1
Long Blades    | 1 2 |  2.1
Axes           | 1 2 |  2.1
Maces & Flails | 1 2 |  2.1
Staves         | 1 2 |  2.1
Ranged Weapons | 1 2 |  2.1
Throwing       | 1 2 |  2.1
Armour         | 1 2 |  2.1
Stealth        | 1 2 |  2.1
Unarmed Combat | 1 2 |  2.1
Evocations     | 1 2 |  2.1
Conjurations   | 1 |  1.7
Hexes          | 1 |  1.7
Summonings     | 1 |  1.7
Necromancy     | 1 |  1.7
Transmutations | 1 |  1.7
Fire Magic     | 1 |  1.7
Ice Magic      | 1 |  1.7
Air Magic      | 1 |  1.7
Earth Magic    | 1 |  1.7
Poison Magic   | 1 |  1.7
Dodging        | 3 |  3.4
Translocations | 4 |  4.2
Shields        | 5 |  5.1
Polearms       | |  6.9

Action                   |  1- 3 |  4- 6 || total
-------------------------+-------+-------++-------
Melee: Trident           |    94 |   195 ||   289
       Bite              |     7 |    16 ||    23
       Unarmed           |       |    29 ||    29
 Cast: Apportation       |     1 |       ||     1
  Use: Potion            |       |     3 ||     3
 Stab: Distracted        |     1 |       ||     1
       Sleeping          |     2 |     3 ||     5
Armor: Robe              |     3 |     1 ||     4
       Scale mail        |       |    25 ||    25
       Skin              |       |     1 ||     1
Dodge: Dodged            |    49 |   138 ||   187
Block: Buckler           |    20 |    37 ||    57

Table legend: (Time is in decaauts)
 A = Elapsed time spent in this place.
 B = Non-inter-level travel time spent in this place.
 C = Inter-level travel time spent in this place.
 D = Time resting spent in this place.
 E = Time spent auto-exploring this place.
 F = Levels seen in this place.
 G = Mean time per level.
                   A        B        C        D        E       F      G
               +--------+--------+--------+--------+--------+-----+--------+
         Total |   2718 |   2616 |    102 |      0 |   2047 |   3 |  906.0 |
       Dungeon |   2718 |   2616 |    102 |      0 |   2047 |   3 |  906.0 |
               +--------+--------+--------+--------+--------+-----+--------+

Top non-repeatable levels by time:
     D:2: 1181 daAuts
     D:3: 845 daAuts
     D:1: 691 daAuts
